 Dungeon Crawl Stone Soup version 0.20.1-1-g8b1a95d (webtiles) character file.

928 HuneSparrow the Slasher (level 7, 0/62 HPs)
             Began as a Minotaur Fighter on July 31, 2017.
             Was an Initiate of Trog.
             Slain by a fire crab (9 damage)
             ... created by the adversity of Qazlal
             ... on level 4 of the Dungeon on Aug 9, 2017.
             The game lasted 00:12:02 (3720 turns).

HuneSparrow the Slasher (Minotaur Fighter)          Turns: 3720, Time: 00:12:03

Health: 0/62       AC:  7    Str: 28    XL:     7   Next: 85%
Magic:  6/6        EV:  8    Int:  5    God:    Trog [......]
Gold:   120        SH: 11    Dex:  9    Spells: 6/6 levels left

rFire    . . .     SeeInvis .   a - +0 long sword
rCold    . . .     Gourm    .   c - +0 shield
rNeg     . . .     Faith    .   b - +0 scale mail
rPois    .         Spirit   .   (helmet restricted)
rElec    .         Reflect  .   v - scarf {repulsion}
rCorr    .         Harm     .   (no gloves)
MR       .....                  (no boots)
Stlth    ..........             (no amulet)
Regen    0.2/turn               x - ring of wizardry
MPRegen  0.1/turn               (no ring)

@: mighty, repel missiles
A: retaliatory headbutt, horns 2
a: Burn Spellbooks, Renounce Religion


You were on level 4 of the Dungeon.
You worshipped Trog.
Trog was noncommittal.
You were not hungry.

You visited 2 branches of the dungeon, and saw 6 of its levels.

You collected 120 gold pieces.

Inventory:

Hand Weapons
 a - a +0 long sword (weapon)
Armour
 b - a +0 scale mail (worn)
 c - a +0 shield (worn)
 v - a scarf of repulsion (worn)
Jewellery
 x - a ring of wizardry (left hand)
Wands
 g - a wand of acid (4/15)
 r - a wand of flame (25/48)
 s - a wand of disintegration (7/24)
Scrolls
 j - a scroll of fog {unknown}
 k - 2 scrolls of amnesia {unknown}
 l - 4 scrolls of remove curse
 n - a scroll of magic mapping {unknown}
 o - 4 scrolls of enchant armour {unknown}
 q - a scroll of teleportation {unknown}
 y - a scroll of blinking {unknown}
Potions
 e - 3 potions of heal wounds
 m - a potion of mutation
 p - a potion of curing
 t - 3 potions of haste
 u - a potion of lignification
Comestibles
 f - 2 bread rations
 h - 2 royal jellies
 i - 6 fruits
 w - 6 chunks of flesh


   Skills:
 + Level 5.7 Fighting
 * Level 7.0 Long Blades
 + Level 6.4 Armour
 + Level 1.3 Dodging
 + Level 5.8 Shields


You had 6 spell levels left.
You didn't know any spells.

Dungeon Overview and Level Annotations

Branches:
Dungeon (5/15)             Temple (1/1) D:4

Altars:
Ashenzari
Cheibriados
Dithmenos
Elyvilon
Fedhas
Gozag
Hepliaklqana
Makhleb
Nemelex Xobeh
Qazlal
Ru
Trog
Uskayaw
Vehumet
Xom
Yredelemnul


Innate Abilities, Weirdness & Mutations

You reflexively headbutt those who attack you in melee.
You have a pair of horns on your head.


Message History

The blast of flame engulfs you!
An orc wizard comes into view. It is wielding a dagger.
You closely miss the orc priest. You headbutt the orc priest!
You kill the orc priest!
Trog accepts your kill.
Your Long Blades skill increases to level 7!
You are engulfed in blazing flames.
The fire crab breathes flames at you. The blast of flame engulfs you!
The fire crab bites you but does no damage.
The fire crab closely misses you.
You are engulfed in blazing flames.
* * * LOW HITPOINT WARNING * * *
The orc priest mumbles some strange prayers to Beogh against you.
Beogh smites you!
* * * LOW HITPOINT WARNING * * *
You block the fire crab's attack. The fire crab barely misses you.
The fire crab bites you but does no damage.
The fire crab claws you!
You die...

## #........#.#########..........
#....................(........
#..........................###
####...................#.######
......##.#.##.##########.#
......##.#.o..........##.#
......##.#..o..§§§.......########
......##...[...§§t.....##........
......###......§@§§.)..##...<....
......# #.....§.t......##........
......# #..............##........
......# ##.............##........
......# #)............##........
......# #<............##........
......# ##......................
......# #...........###........
......# #...........# #........


You could see 2 fire crabs, an orc priest and an orc wizard.

Vanquished Creatures
  The ghost of HuneSparrow the Slasher, a novice DsFi (D:4)
  Sigmund (D:4)
  A howler monkey (D:3)
  An orc priest (D:4)
  2 hounds
  3 orc wizards (D:3)
  Ijyb (D:4)
  A worker ant (D:4)
  A hound zombie (D:5)
  3 gnolls
  8 adders
  An adder skeleton (D:4)
  5 worms
  3 dart slugs
  9 orcs
  8 bats
  5 giant cockroaches
  2 goblins
  8 hobgoblins
  4 jackals (D:2)
  5 quokkas
  7 frilled lizards
  6 kobolds
  A quokka skeleton (D:4)
  5 rats
92 creatures vanquished.

Notes
Turn   | Place    | Note
-------+----------+-------------------------------------------
     0 | D:1      | HuneSparrow the Minotaur Fighter began the quest for the Orb.
     0 | D:1      | Reached XP level 1. HP: 19/19 MP: 0/0
   327 | D:1      | Reached XP level 2. HP: 24/27 MP: 1/1
   858 | D:2      | Reached XP level 3. HP: 32/33 MP: 2/2
   919 | D:2      | Reached skill level 3 in Long Blades
  1022 | D:2      | HP: 1/33 [gnoll/halberd (9)]
  1320 | D:2      | Reached XP level 4. HP: 40/40 MP: 3/3
  1465 | D:2      | Found a radiant altar of Vehumet.
  1905 | D:3      | Reached skill level 4 in Long Blades
  1905 | D:3      | Reached XP level 5. HP: 46/46 MP: 4/4
  2064 | D:3      | Found a faded altar of an unknown god.
  2354 | D:3      | Found a sacrificial altar of Ru.
  2364 | D:3      | Found a burning altar of Makhleb.
  2384 | D:3      | Reached skill level 5 in Armour
  2396 | D:3      | Reached skill level 5 in Long Blades
  2504 | D:3      | Reached XP level 6. HP: 47/53 MP: 5/5
  2584 | D:4      | Noticed Ijyb
  2600 | D:4      | Killed Ijyb
  2600 | D:4      | Reached skill level 5 in Shields
  2666 | D:4      | Noticed HuneSparrow's ghost (novice DsFi)
  2973 | D:4      | Killed HuneSparrow's ghost
  2973 | D:4      | Reached skill level 5 in Fighting
  2973 | D:4      | Reached skill level 6 in Long Blades
  2973 | D:4      | Reached XP level 7. HP: 30/61 MP: 6/6
  3411 | D:4      | Found a shattered altar of Ashenzari.
  3436 | D:4      | Found a staircase to the Ecumenical Temple.
  3462 | Temple   | Entered the Ecumenical Temple
  3470 | Temple   | Became a worshipper of Qazlal Stormbringer
  3492 | Temple   | Fell from the grace of Qazlal
  3492 | Temple   | Became a worshipper of Trog the Wrathful
  3584 | D:4      | Noticed Sigmund
  3593 | D:5      | Entered Level 5 of the Dungeon
  3681 | D:4      | Killed Sigmund
  3681 | D:4      | Reached skill level 1 in Dodging
  3717 | D:4      | Noticed a fire crab
  3717 | D:4      | Noticed a fire crab
  3719 | D:4      | Reached skill level 7 in Long Blades
  3720 | D:4      | Slain by a fire crab

Skill      XL: |  1  2  3  4  5  6  7 |
---------------+----------------------+-----
Armour         | 4 5 6 |  6.4
Long Blades    | 3 4 5 6 7 |  7.0
Shields        | 4 5 |  5.8
Fighting       | 4 5 |  5.7
Dodging        | 1 |  1.3

Action                   |  1- 3 |  4- 6 |  7- 9 || total
-------------------------+-------+-------+-------++-------
Melee: Long sword        |    90 |   181 |    32 ||   303
       Headbutt          |    12 |    29 |    10 ||    51
  Use: Scroll            |       |     6 |       ||     6
       Potion            |       |       |     1 ||     1
  Eat: Chunk             |     1 |     5 |       ||     6
       Bread ration      |       |     1 |       ||     1
Armor: Scale mail        |    54 |    76 |     7 ||   137
Dodge: Dodged            |    30 |    49 |    12 ||    91
Block: Shield            |    42 |   105 |    16 ||   163
       Rpst.: Long sword |     7 |    13 |       ||    20
